 Dungeon Crawl Stone Soup version 0.30-a0-881-g1ff12e1e11 (webtiles) character file.

Game seed: 10404372592528472579

7826 lesbiats the Grappler (level 11, -10/106 (109) HPs)
             Began as a Troll Fighter on Mar 15, 2023.
             Was an Elder of Wu Jian.
             Mangled by Snorg (25 damage)
             ... on level 10 of the Dungeon.
             The game lasted 00:29:13 (9236 turns).

lesbiats the Grappler (Troll Fighter)               Turns: 9236, Time: 00:29:14

HP:   -10/106 (109) AC:  6    Str: 26    XL:     11   Next: 1%
MP:   0/10          EV:  9    Int:  8    God:    Wu Jian [****..]
Gold: 673           SH:  9    Dex:  9    Spells: 2/10 levels left

rFire   . . .      SeeInvis .      - Unarmed
rCold   + . .      Faith    .    b - +0 kite shield
rNeg    + . .      Spirit   +    a - +0 robe
rPois   .          Reflect  .    G - +2 hat
rElec   .          Rampage  .    (no cloak)
rCorr   .                        (gloves unavailable)
Will    .....                    (boots unavailable)
Stlth   +                        B - amulet of guardian spirit
HPRegen 1.17/turn                e - ring of positive energy
MPRegen 0.12/turn                L - ring of protection from cold

@: about to teleport, hasted, lightly drained, very quick
A: large, unfitting armour, claws 3, regeneration 1, shaggy fur 1, tough skin 1
a: Renounce Religion, Wall Jump, Serpent's Lash


You were on level 10 of the Dungeon.
You worshipped Wu Jian.
Wu Jian was greatly pleased with you.
You visited 2 branches of the dungeon, and saw 11 of its levels.
You also visited: Sewer.

You collected 673 gold pieces.

Inventory:

Missiles
 o - 4 datura-tipped darts
 u - 10 boomerangs (quivered)
 x - 3 boomerangs of dispersal
 A - 2 silver boomerangs
 H - 3 throwing nets
 I - 3 poisoned darts
 M - 5 atropa-tipped darts
Armour
 a - a +0 robe (worn)
 b - a +0 kite shield (worn)
 G - a +2 hat (worn)
Jewellery
 e - a ring of positive energy (left claw)
 g - a ring of positive energy
 B - an amulet of guardian spirit (around neck)
 L - a ring of protection from cold (right claw)
Wands
 l - a wand of charming (17)
 m - a wand of roots (7)
 s - a wand of mindburst (23)
 F - a wand of flame (27)
Scrolls
 f - 2 scrolls of teleportation
 h - 3 scrolls of poison
 k - a scroll of magic mapping {unknown}
 q - 5 scrolls of immolation {unknown}
 t - 2 scrolls of vulnerability {unknown}
 v - a scroll of fog {unknown}
 y - a scroll of silence {unknown}
 z - 2 scrolls of fear {unknown}
 J - a scroll of blinking {unknown}
 K - a scroll of torment {unknown}
Potions
 c - 2 potions of might
 d - a potion of magic {unknown}
 i - a potion of lignification {unknown}
 j - 2 potions of curing {unknown}
 n - 2 potions of berserk rage {unknown}
 p - 4 potions of flight
 r - 5 potions of attraction
 w - 3 potions of ambrosia
 D - 2 potions of mutation {unknown}
 E - a potion of heal wounds


   Skills:
 + Level 7.2 Fighting
 + Level 5.2 Dodging
 + Level 7.9 Shields
 * Level 11.6 Unarmed Combat


You had 2 spell levels left.
You knew the following spells:

 Your Spells              Type           Power      Damage    Failure   Level
a - Statue Form           Tmut/Erth      0%         N/A       100%        6
b - Passwall              Tmut/Erth      0%         N/A       78%         2

Your spell library contained the following spells:

 Spells                   Type           Power      Damage    Failure   Level
 Beastly Appendage        Tmut           0%         N/A       65%         1
 Foxfire                  Conj/Fire      0%         2x1d4     65%         1
 Sandblast                Erth           0%         2d4       65%         1
 Lesser Beckoning         Tloc           0%         N/A       78%         2
 Wereblood                Tmut           0%         N/A       78%         2
 Gell's Gravitas          Tloc           0%         N/A       95%         3
 Spider Form              Tmut/Pois      0%         N/A       95%         3
 Stone Arrow              Conj/Erth      0%         3d7       95%         3
 Teleport Other           Tloc           0%         N/A       95%         3
 Vhi's Electric Charge    Tloc/Air       0%         N/A       95%         3
 Animate Dead             Necr           0%         N/A       100%        4
 Leda's Liquefaction      Hex/Erth       0%         N/A       100%        4
 Arcjolt                  Conj/Air       0%         1d10      100%        5
 Borgnjor's Vile Clutch   Necr/Erth      0%         N/A       100%        5
 Fireball                 Conj/Fire      0%         3d3       100%        5
 Lee's Rapid Deconstruct  Erth           0%         3d4*      100%        5
 Death Channel            Necr           0%         N/A       100%        6
 Dispersal                Tloc           0%         N/A       100%        6
 Starburst                Conj/Fire      0%         6d3       100%        6
 Maxwell's Capacitive Co  Air            0%         ∞         100%        8


Dungeon Overview and Level Annotations

Branches:
Dungeon (10/15)            Temple (1/1) D:6            Lair (0/5) D:9
    Orc (0/2) D:10          Sewer (visited)

Altars:
Cheibriados
Dithmenos
Elyvilon
Gozag
Hepliaklqana
Nemelex Xobeh
Okawaru
Qazlal
Ru
Sif Muna
Vehumet
Wu Jian
Yredelemnul
The Shining One

Shops:
D:4 (   D:6 =   D:9 *

Annotations:
D:1 need flight for final area
D:6 3 runed translucent doors, Juicyj's ghost, novice DECj; jr88keys's ghost, novice GrFi
D:8 1 transporter
D:10 2 runed translucent doors, Snorg


Innate Abilities, Weirdness & Mutations

You are too large for most types of armour.
You have claws for hands.
Your natural rate of healing is unusually fast.
You are covered in fur. (AC +1)
You have tough skin. (AC +1)


Message History

You block the killer bee's attack. The killer bee closely misses you.
You spin and attack the killer bee.
You claw the killer bee!
The killer bee is almost dead.
Your surroundings suddenly seem different.
Snorg the Insatiable comes into view.
You feel very sick.
Snorg shouts!
You feel very sick.
You feel very sick.
An iron imp comes into view.
Found a snail-covered altar of Cheibriados.
You feel sick.
The iron imp shouts, "Take thy face hence, thou bumbling wibble-sucking wastrel!"
You hear a bellow!
You feel sick.
You feel sick.
You feel sick.
Snorg goes berserk!
You feel sick.
You feel sick.
Found a forked brass wand and a leather armour.
You feel sick.
Snorg rages.
You feel yourself speed up.
You feel sick.
You are no longer poisoned.
Snorg bites you!! Snorg closely misses you. You block Snorg's attack.
Snorg attacks as you move away! Snorg bites you!
* * * LOW HITPOINT WARNING * * *
Snorg claws you!!
* * * LOW HITPOINT WARNING * * *
Snorg claws you but does no damage.
You feel much better. You block Snorg's attack. Snorg barely misses you.
Snorg claws you!
* * * LOW HITPOINT WARNING * * *
As you read the scroll of teleportation, it crumbles to dust.
You feel strangely unstable. Snorg completely misses you. Snorg claws you!
* * * LOW HITPOINT WARNING * * *
You block Snorg's attack.
Snorg rages.
Snorg attacks as you move away! Snorg bites you!!
You die...

..........#..§§#
..#...#...#.≈§§#..#
8###8###.#######..#
## ### #########..#
#.......# #.......#
#.....[.######
#............#
#.....@......#
#.....T......#
#............#
#............#
....../.......#
...######5....# ...
#.....# .. #...###
.. #...# ..


You could see Snorg (berserk) and an iron imp.

Vanquished Creatures
  A deep elf pyromancer (D:9)
  A manticore (D:8)
  A hornet (D:7)
  A vampire (D:9)
  9 yaks
  A wyvern (D:8)
  3 water moccasins
  7 orc warriors
  Pargi (Sewer)
  4 ice beasts
  2 sky beasts (D:7)
  4 black bears
  5 centaurs
  2 phantoms
  4 bullfrogs
  2 gnoll sergeants
  4 scorpions
  8 wights
  12 killer bees (D:9)
  4 howler monkeys
  3 jellies (D:6)
  5 orc priests
  A gnoll bouda (D:7)
  3 hounds (D:6)
  Ijyb (D:3)
  A sleepcap (D:6)
  9 orc wizards
  2 iguanas
  5 adders
  16 gnolls
  2 shadow imps (D:5)
  2 white imps (D:7)
  4 worms
  2 adder skeletons (D:2)
  An adder zombie (D:2)
  2 dart slugs
  32 orcs
  7 endoplasms
  3 giant cockroaches
  4 hobgoblins
  4 jackals (D:3)
  2 quokkas (D:1)
  3 ball pythons
  2 ball python skeletons (D:2)
  12 bats
  3 frilled lizards
  8 goblins
  3 kobolds
  2 rats
220 creatures vanquished.

Vanquished Creatures (others)
  10 fungi (D:9)
  9 plants (D:9)
  5 withered plants (D:2)
24 creatures vanquished.

Grand Total: 244 creatures vanquished

Notes
Turn   | Place    | Note
-------+----------+-------------------------------------------
     0 | D:1      | lesbiats the Troll Fighter began the quest for the Orb.
     0 | D:1      | Reached XP level 1. HP: 22/22 MP: 0/0
   114 | D:1      | Reached XP level 2. HP: 29/29 MP: 1/1
   731 | D:1      | need flight for final area on d1
  1091 | D:2      | Reached XP level 3. HP: 36/36 MP: 2/2
  1126 | D:2      | Reached skill level 3 in Unarmed Combat
  1304 | D:2      | Reached XP level 4. HP: 44/44 MP: 3/3
  1898 | D:3      | Found a glowing golden altar of the Shining One.
  1981 | D:3      | Found a radiant altar of Vehumet.
  2131 | D:3      | Noticed Ijyb
  2154 | D:3      | Killed Ijyb
  2155 | D:3      | Reached skill level 4 in Unarmed Combat
  2155 | D:3      | Reached XP level 5. HP: 33/53 MP: 4/4
  2520 | D:3      | Found an ornate altar of the Wu Jian Council.
  2525 | D:3      | Became a worshipper of the Wu Jian Council
  2551 | D:3      | Found an opulent altar of Gozag.
  3040 | D:4      | Found a shadowy altar of Dithmenos.
  3115 | D:4      | Found Duryown's Antique Weapon Boutique.
  3205 | D:4      | Reached XP level 6. HP: 58/61 MP: 5/5
  3230 | D:4      | Reached skill level 5 in Unarmed Combat
  3547 | D:5      | Entered Level 5 of the Dungeon
  3575 | D:5      | Reached * piety under Wu Jian
  3729 | D:5      | Noticed a water moccasin
  3741 | D:5      | Killed a water moccasin
  3742 | D:5      | Reached XP level 7. HP: 8/70 MP: 6/6
  3895 | D:5      | Reached skill level 6 in Unarmed Combat
  4056 | D:5      | Found a basalt altar of Yredelemnul.
  4137 | D:5      | Found a hazy altar of Hepliaklqana.
  4319 | D:5      | Reached XP level 8. HP: 79/79 MP: 7/7
  4320 | D:5      | Reached skill level 5 in Shields
  4377 | D:5      | Found a white marble altar of Elyvilon.
  4580 | D:6      | Reached skill level 7 in Unarmed Combat
  4643 | D:6      | Found a runed translucent gate.
  4643 | D:6      | Found a runed translucent gate.
  4739 | D:6      | Found a sacrificial altar of Ru.
  4804 | D:6      | Found a staircase to the Ecumenical Temple.
  4834 | D:6      | Found a glowing drain.
  4847 | Sewer    | Entered a sewer
  4893 | Sewer    | Noticed Pargi
  4909 | Sewer    | Killed Pargi
  4986 | D:6      | Reached skill level 5 in Fighting
  5028 | D:6      | Reached skill level 8 in Unarmed Combat
  5037 | D:6      | Reached ** piety under Wu Jian
  5049 | Temple   | Entered the Ecumenical Temple
  5249 | D:6      | Found Jiaguig's Jewellery Boutique.
  5300 | D:6      | Found a shimmering blue altar of Sif Muna.
  5448 | D:6      | Reached XP level 9. HP: 74/88 MP: 8/8
  5508 | D:6      | Found a runed translucent gate.
  5510 | D:6      | Noticed jr88keys's ghost (novice GrFi)
  5510 | D:6      | Noticed Juicyj's ghost (novice DECj)
  5919 | D:7      | Reached skill level 9 in Unarmed Combat
  6220 | D:7      | Found a stormy altar of Qazlal.
  6312 | D:7      | Paralysed by a hornet for 1 turns
  6762 | D:8      | Reached skill level 10 in Unarmed Combat
  6766 | D:8      | Reached *** piety under Wu Jian
  6906 | D:8      | Noticed a manticore
  6916 | D:8      | Killed a manticore
  6917 | D:8      | Reached XP level 10. HP: 77/100 MP: 9/9
  7332 | D:8      | Learned a level 6 spell: Statue Form
  7476 | D:8      | Found a sparkling altar of Nemelex Xobeh.
  7476 | D:8      | Found a transporter.
  7476 | D:8      | Noticed a white ugly thing
  7486 | D:8      | d8 weird transporter
  7765 | D:9      | Found Buzacaus's Fire Supplies.
  7904 | D:9      | Found an iron altar of Okawaru.
  7904 | D:9      | Noticed a deep elf pyromancer
  7921 | D:9      | Killed a deep elf pyromancer
  7957 | D:9      | Learned a level 2 spell: Passwall
  8015 | D:9      | Reached skill level 11 in Unarmed Combat
  8371 | D:9      | Reached skill level 5 in Dodging
  8541 | D:9      | Found a staircase to the Lair.
  8979 | D:10     | Entered Level 10 of the Dungeon
  8979 | D:10     | Noticed a fire dragon
  8982 | D:10     | Noticed an ice dragon
  8982 | D:10     | Noticed a fire dragon
  8983 | D:10     | Found a runed translucent door.
  8983 | D:10     | Noticed an ice dragon
  8983 | D:10     | Found the +2 shield of Resistance {rF++ rC++ Will++}
  8984 | D:10     | Found a runed translucent door.
  8995 | D:10     | d10 gates full of dragons
  9107 | D:10     | Reached XP level 11. HP: 88/105 MP: 7/10
  9109 | D:10     | Reached **** piety under Wu Jian
  9164 | D:10     | Found a staircase to the Orcish Mines.
  9218 | D:10     | Noticed Snorg
  9221 | D:10     | Found a snail-covered altar of Cheibriados.
  9236 | D:10     | Mangled by Snorg

Illustrated notes #.# #....##.....###... #.# #....##.....# #### #.# #....#####.#### #.# #....# #.##≈# #.# #....########≈## #.# #..........#≈≈≈## #.# #..........#≈≈≈≈# #.#####.........#≈≈≈≈## #..~..@~~...~..~#≈~~≈#. #~.~~≈~~~~~~~~.≈~~~~≈#. #.≈.≈~≈~~.~~.~~~≈~≈≈~.# #~≈≈≈~~≈~~~≈~≈.~~≈~~... #≈≈≈~~~.~~~~~.~~~~~.~## #≈≈≈≈#~~....~..~....## #≈≈≈######...#......# #≈≈## ###........# #≈## ###...)..# Turn 731 on D:1: need flight for final area on d1

......# #.#
#....##.....# #.#.#
......# #.#
#....##.....####.#.#
####'####.#
#..............#.#..
#....#.#
#.....########.#.#..
######## ####### #.#.#..
▓▓▓▓▓▓###▓▓▓▓▓▓▓ #.#.#..
⌠.©.⌠▓§©§▓⌠.©.⌠▓ #.....#
....V▓._.▓.:[..▓##...#.#
....u▓.@.▓..8..▓#.......
.....▓...▓.$$..▓#.....##
⌠...⌠▓...▓⌠...⌠▓#....)..
▓▓▓▓▓▓...▓▓▓▓▓▓▓#.>.....
#######'## ##.....##
........########........
..........#....'.......#
.####.###.#.####...))..#
#. #.#.# #.......#


Turn 7486 on D:8: d8 weird transporter #..# #### ..# ...#≈ # ..# ⌠..#≈ #.
..#....## #.##.+D..[...+... ....####....#.... #..#≈≈#D.⌠.#.... #.@#≈≈#DD..#....
#..#########.... #............### #............... #............# +............#
#............# ...........<...# ................# Turn 8995 on D:10: d10 gates
full of dragons

Levels and vault maps discovered:
D:1:      saegor_arrival_simple_c, layout_basic, minmay_misc_feat_room,
          chequers_serial_rivers_large_a
D:2:      layout_basic, serial_undead, serial_undead_d, serial_undead_b,
          serial_undead_b, serial_undead_b, serial_undead_e,
          ebering_dispersal_statue_hall, hangedman_abyss_or_decor_lesser_grid
D:3:      layout_basic, mainiacjoe_overflow_concentric_impassable,
          mainiacjoe_overflow_tiny_flanked, mainiacjoe_overflow_two_lobes,
          uniq_ijyb
D:4:      layout_cave_pools, grunt_dithmenos_smoke_and_mirrors, serial_shops,
          nicolae_square_shop, minivault_25
D:5:      layout_basic, kennysheep_ying_yang, nicolae_hepliaklqana_hippocampus
D:6:      layout_loops_ring, mainiacjoe_overflow_catwalk, lemuel_tele_altar,
          minmay_temple_entry_trees, portal_sewer_entry_d,
          gammafunk_ghost_cemetery, nicolae_stop_n_shop_2, st_stairs_3,
          minmay_between
D:7:      layout_loops_ring, kennysheep_mini_moat
D:8:      layout_basic, grunt_nemelex_the_gamble
D:9:      layout_stronghold, kennysheep_okawaru_gauntlet,
          grunt_lair_entry_orc_guard_hut, nicolae_shop_fire_sale
          [nicolae_sub_dead_trees]
D:10:     layout_irregular_city, slow_altar_1, david_orc_4,
          minmay_guarded_unrand_resistance, uniq_snorg
Temple:   nicolae_temple_godpark

Skill      XL: |  1  2  3  4  5  6  7  8  9 10 |
---------------+-------------------------------+-----
Shields        | 3 4 6 7 |  7.9
Unarmed Combat | 3 4 5 6 8 10 11 | 11.6
Fighting       | 3 4 5 6 7 |  7.2
Dodging        | 4 5 |  5.2

Action                     |  1- 3 |  4- 6 |  7- 9 | 10-12 || total
---------------------------+-------+-------+-------+-------++-------
  Melee: Unarmed           |    98 |   144 |   277 |   208 ||   727
  Throw: Boomerang         |       |    18 |    35 |    29 ||    82
Ability: Lunge             |       |     1 |    27 |    17 ||    45
         Whirlwind         |       |       |     9 |    40 ||    49
  Evoke: Wand              |       |       |       |     1 ||     1
    Use: Scroll            |       |     6 |     1 |     3 ||    10
         Potion            |       |       |     1 |     2 ||     3
 Armour: Robe              |    21 |    38 |    60 |    43 ||   162
  Dodge: Dodged            |    25 |    38 |    57 |    75 ||   195
  Block: Kite shield       |    29 |    56 |   101 |    97 ||   283

Table legend: (Time is in decaauts)
 A = Elapsed time spent in this place.
 B = Non-inter-level travel time spent in this place.
 C = Inter-level travel time spent in this place.
 D = Time resting spent in this place.
 E = Time spent auto-exploring this place.
 F = Levels seen in this place.
 G = Mean time per level.
                   A        B        C        D        E       F      G
               +--------+--------+--------+--------+--------+-----+--------+
         Total |   9269 |   8518 |    751 |    612 |   5815 |  12 |  772.4 |
       Dungeon |   9141 |   8390 |    751 |    578 |   5779 |  10 |  914.1 |
        Temple |      1 |      1 |      0 |      0 |      0 |   1 |    1.0 |
         Sewer |    126 |    126 |      0 |     34 |     36 |   1 |  126.0 |
               +--------+--------+--------+--------+--------+-----+--------+

Top non-repeatable levels by time:
     D:9: 1294 daAuts
     D:3: 1208 daAuts
     D:8: 1104 daAuts
     D:2: 1034 daAuts
     D:6: 1033 daAuts
     D:5: 1004 daAuts
     D:7: 880 daAuts
     D:1: 763 daAuts
     D:4: 566 daAuts
    D:10: 251 daAuts
   Sewer: 126 daAuts
  Temple: 1 daAuts
